 Dungeon Crawl Stone Soup version 0.18.1-48-g4cf74bf (webtiles) character file.

230 Jerry the Chiller (level 5, 0/52 HPs)
             Began as a Vampire Ice Elementalist on Aug 10, 2016.
             Slain by Menkaure (12 damage)
             ... on level 5 of the Dungeon.
             The game lasted 00:20:30 (2985 turns).

Jerry the Chiller (Vampire Ice Elementalist)        Turns: 2985, Time: 00:20:31

Health: 0/52       AC: 22    Str:  7    XL:     5   Next: 72%
Magic:  9/17       EV:  2    Int: 18    God:
Gold:   106        SH:  0    Dex: 15    Spells: 2 memorised, 3 levels left

rFire  . . .     SeeInvis +     m - +0 whip (venom)
rCold  . . .     Gourm    .     (armour currently unavailable)
rNeg   + + +     Faith    .     (no shield)
rPois  +         Spirit   .     (helmet currently unavailable)
rElec  .         Dismiss  .     (cloak currently unavailable)
rCorr  .         Reflect  .     (gloves currently unavailable)
SustAt .         Harm     .     (boots currently unavailable)
MR     .....     NoTele   +     (no amulet)
Stlth  +++.......               (no ring)
                                d - ring of magical power

@: tree-form, very slightly contaminated, regenerating quickly, not resistant to
hostile enchantments, fairly stealthy
A: (fangs 0), see invisible, (cold resistance 0), (fire resistance 0),
(unbreathing), MP-powered wands
a: no special abilities


You were on level 5 of the Dungeon.
You were very full.
You were a tree.
You visited 1 branch of the dungeon, and saw 5 of its levels.

You collected 106 gold pieces.

Inventory:

Hand Weapons
 g - a +0 dagger
 m - a +0 whip of venom (weapon)
Missiles
 j - 4 sling bullets (quivered)
Armour
 a - a +0 robe (melded)
 l - a +1 pair of gloves (melded)
Jewellery
 d - a ring of magical power (left branch)
Scrolls
 c - a scroll of blinking {unknown}
 e - a scroll of identify
 h - 5 scrolls of remove curse
Potions
 i - a potion of resistance {unknown}
 k - 2 potions of curing
 n - a potion of ambrosia {unknown}
 o - a potion of heal wounds {unknown}
Books
 b - a book of Frost

   Spells                             Type                      Level
   a - Freeze                         Ice                          1
   b - Throw Frost                    Conjuration/Ice              2
   c - Ozocubu's Armour               Charms/Ice                   3
   d - Throw Icicle                   Conjuration/Ice              4
   e - Summon Ice Beast               Ice/Summoning                4


   Skills:
 - Level 2.1 Dodging
 - Level 3.0 Stealth
 - Level 2.0 Spellcasting
   Level 0.6 Conjurations
 + Level 3.8 Summonings
 - Level 5.1 Ice Magic


You had 3 spell levels left.
You knew the following spells:

 Your Spells              Type           Power        Failure   Level  Hunger
a - Freeze                Ice            ###.         1%          1    #......
b - Summon Ice Beast      Ice/Summ       ###.....     34%         4    #####..


Dungeon Overview and Level Annotations

Branches:
Dungeon (5/15)
 Temple: D:4-7

Altars:
Pakellas
Xom

Annotations:
D:3 Purgy
D:4 smzp's ghost, novice OgBe
D:5 Menkaure


Innate Abilities, Weirdness & Mutations

Your natural rate of healing is unusually fast.
((You have razor-sharp teeth.))
You have supernaturally acute eyesight.
((You can survive without breathing.))
((Your flesh is cold resistant.))
((Your flesh is heat resistant.))
You expend magic power (3 MP) to strengthen your wands.


Message History

You hit Menkaure.
Menkaure is lightly damaged.
Menkaure hits you.
* * * LOW HITPOINT WARNING * * *
You hit Menkaure.
Menkaure is moderately damaged.
Menkaure hits you but does no damage.
You barely miss Menkaure.
Menkaure is moderately damaged.
You barely miss Menkaure.
Menkaure is moderately damaged.
Menkaure hits you but does no damage.
You hit Menkaure.
Menkaure is heavily damaged.
Menkaure casts a spell.
Menkaure seems to speed up.
You hit Menkaure but do no damage.
Menkaure is heavily damaged.
Menkaure hits you!
You die...

.#.###.#####
####.####
.#.# #.#
#.......#
.#.# #.#
#.......#
.#.# #.#
#.......+ #.
#.#
#.......#
#.#
#.......#
#.......#
#.M.....#
#.♣.....#
#.......#
#.......#
#########


You could see Menkaure.

Vanquished Creatures
  A howler monkey (D:3)
  An iguana (D:5)
  An orc wizard (D:3)
  4 adders
  An ooze (D:1)
  3 worms
  5 dart slugs
  5 giant geckos
  5 orcs
  2 bats
  A bat zombie (D:3)
  5 giant cockroaches
  8 goblins
  5 hobgoblins
  3 jackals (D:1)
  A quokka (D:2)
  4 ball pythons
  4 giant newts
  6 kobolds
  10 rats
75 creatures vanquished.

Notes
Turn   | Place    | Note
--------------------------------------------------------------
     0 | D:1      | Jerry the Vampire Ice Elementalist began the quest for the Orb.
     0 | D:1      | Reached XP level 1. HP: 13/13 MP: 3/3
   157 | D:1      | Reached XP level 2. HP: 19/19 MP: 5/5
   458 | D:1      | Reached skill level 4 in Ice Magic
   638 | D:1      | Reached XP level 3. HP: 20/24 MP: 6/6
  1400 | D:2      | Reached skill level 5 in Ice Magic
  1400 | D:2      | Reached XP level 4. HP: 30/30 MP: 7/7
  1542 | D:2      | You fall through a shaft!
  1668 | D:2      | Learned a level 4 spell: Summon Ice Beast
  1691 | D:2      | Gained mutation: Your flesh is heat resistant. [potion of mutation]
  1711 | D:2      | Found an oddly glowing altar of Pakellas.
  1877 | D:2      | Reached skill level 1 in Summonings
  1973 | D:3      | Noticed Purgy
  2140 | D:3      | Noticed an ogre
  2363 | D:3      | Reached XP level 5. HP: 35/35 MP: 8/8
  2399 | D:3      | Found a shimmering altar of Xom.
  2434 | D:3      | Gained mutation: You expend magic power (3 MP) to strengthen your wands. [potion of mutation]
  2434 | D:3      | Gained mutation: Your flesh is cold resistant. [potion of mutation]
  2877 | D:4      | Noticed an ogre
  2877 | D:4      | Noticed smzp's ghost (novice OgBe)
  2905 | D:5      | Entered Level 5 of the Dungeon
  2905 | D:5      | Noticed Menkaure
  2985 | D:5      | Slain by Menkaure

Skill      XL: |  1  2  3  4  5 |
---------------+----------------+-----
Ice Magic      | 4 5 |  5.1
Summonings     | 2 3 |  3.8
Dodging        | |  2.1
Stealth        | |  3.0
Spellcasting   | |  2.0
Conjurations   | |  0.6

Action                   |  1- 3 |  4- 6 || total
-------------------------+-------+-------++-------
Melee: Whip              |       |    22 ||    22
       Bite              |       |     2 ||     2
 Cast: Freeze            |    64 |    70 ||   134
       Summon Ice Beast  |       |     1 ||     1
  Use: Potion            |     1 |     4 ||     5
       Scroll            |       |     4 ||     4
 Stab: Sleeping          |       |     2 ||     2
  Eat: Corpse            |     5 |    11 ||    16
Armor: Robe              |     4 |    17 ||    21
       Skin              |       |     3 ||     3
Dodge: Dodged            |    26 |    35 ||    61
